 Dungeon Sprint DCSS version 0.20.1-1-g8b1a95d (console) character file.

3551 bli the Protected (level 10, -7/73 HPs)
             Began as a Gargoyle Fighter on Sept 5, 2017.
             Was the Champion of Makhleb.
             Killed from afar by a red draconian (31 damage)
             ... with a searing blast
             ... in the Dungeon (Sprint V: "Ziggurat Sprint").
             The game lasted 00:16:45 (460 turns).

bli the Protected (Gargoyle Fighter)                 Turns: 460, Time: 00:16:45

Health: -7/73      AC: 43    Str: 27    XL:     10   Next: 9%
Magic:  0/10       EV:  3    Int: 10    God:    Makhleb [******]
Gold:   0          SH: 32    Dex: 16    Spells: 4/9 levels left

rFire    . . .     SeeInvis .   a - +6 shillelagh "Devastator" {shatter}
rCold    . . .     Gourm    .   R - +18 shield of the Gong {rElec rN+ MR+ EV-5}
rNeg     + + .     Faith    .   Q - +15 Maxwell's patent armour {-Cast -Tele rElec MR+ rCorr}
rPois    ∞         Spirit   +   (no helmet)
rElec    +         Reflect  .   Y - scarf {Spirit}
rCorr    +         Harm     .   U - +1 pair of gloves {archery}
MR       ++...     NoTele   +   Z - +1 pair of boots {run} Stlth ..........NoCast +
                                (no amulet)
Regen    0.3/turn               H - +6 ring of dexterity
MPRegen  0.2/turn               L - +6 ring of strength

@: quick
A: negative energy resistance 1, electricity resistance, unbreathing,
petrification resistance, rot immunity, AC +7
a: Minor Destruction, Lesser Servant of Makhleb, Major Destruction, Greater
Servant of Makhleb, Renounce Religion


You were in the Dungeon.
You worshipped Makhleb.
Makhleb was exalted by your worship.
You were not hungry.

You visited 1 branch

Inventory:

Hand Weapons
 a - the +6 shillelagh "Devastator" (weapon) {shatter}
   (You found it in the Dungeon)
 b - a +5 demon whip
 P - the +10 dark maul {crush}
   (You found it in the Dungeon)

   It inflicts extra damage upon your enemies.
 S - the +7 great mace "Firestarter" {inner flame, rF++}
   (You found it in the Dungeon)

   It has been specially enchanted to burn those struck by it, causing extra
   injury to most foes and up to half again as much damage against particularly
   susceptible opponents.
   It greatly protects you from fire.
 V - the +6 arbalest "Damnation" {damnation}
   (You found it in the Dungeon)
Armour
 m - +5 gold dragon scales
 n - a +2 cloak
 Q - the +15 Maxwell's patent armour (worn) {-Cast -Tele rElec MR+ rCorr}
   (You found it in the Dungeon)

   It insulates you from electricity.
   It affects your resistance to hostile enchantments.
   It prevents spellcasting.
   It prevents most forms of teleportation.
   It protects you from acid and corrosion.
 R - the +18 shield of the Gong (worn) {rElec rN+ MR+ EV-5}
   (You found it in the Dungeon)

   It affects your evasion (-5).
   It insulates you from electricity.
   It protects you from negative energy.
   It affects your resistance to hostile enchantments.
 U - a +1 pair of gloves of archery (worn)
 Y - a scarf of spirit shield (worn)
 Z - a +1 pair of boots of running (worn)
Jewellery
 c - an uncursed ring of magical power
 H - a +6 ring of dexterity (left hand)
 I - a +6 ring of dexterity
 J - a +6 ring of intelligence
 L - a +6 ring of strength (right hand)
 M - a +6 ring of strength
 O - an uncursed ring of flight
Wands
 y - a wand of disintegration (7/24)
 E - a wand of iceblast (5/15)
 F - a wand of lightning (5/15)
 G - a wand of acid (5/15)
Scrolls
 k - 4 scrolls of blinking
 r - 4 scrolls of amnesia
 s - 3 scrolls of recharging
 t - 7 scrolls of fog
 u - a scroll of holy word
 v - 4 scrolls of identify
 w - 5 scrolls of remove curse
 x - 2 scrolls of fear
Potions
 d - 6 potions of might
 e - 10 potions of curing
 g - 10 potions of heal wounds
 h - 6 potions of haste
 i - 7 potions of magic
 j - 3 potions of berserk rage
 z - 2 potions of brilliance
 A - 2 potions of invisibility
 B - 4 potions of resistance
 D - 5 potions of agility
 K - a potion of lignification
Books
 o - a book of Annihilations

   Spells                             Type                      Level
   a - Poison Arrow                   Conjuration/Poison           6
   b - Chain Lightning                Conjuration/Air              8
   c - Lehudib's Crystal Spear        Conjuration/Earth            8
   d - Glaciate                       Conjuration/Ice              9
   e - Fire Storm                     Conjuration/Fire             9
 T - the Tome of Dusty Protection
   (You found it in the Dungeon)

   Spells                             Type                      Level
   a - Song of Slaying                Charms                       2
   b - Spectral Weapon                Hexes/Charms                 3
   c - Lee's Rapid Deconstruction     Earth                        5
   d - Deflect Missiles               Charms/Air                   6
Miscellaneous
 l - a sack of spiders
 C - a phial of floods
 N - a lightning rod (4/4)
 W - a phantom mirror
 X - a lightning rod (4/4)
Comestibles
 f - 5 bread rations
 p - 42 fruits
 q - 4 meat rations


   Skills:
 * Level 13.2 Fighting
 * Level 10.8 Maces & Flails
 * Level 13.4 Armour
 + Level 2.2 Dodging
 + Level 12.0 Shields


You had 4 spell levels left.
You knew the following spells:

 Your Spells              Type           Power        Failure   Level  Hunger
a - Bolt of Draining      Conj/Necr      #.........   100%        5    ######.


Dungeon Overview and Level Annotations

Branches:
Dungeon (1/1)

Altars:
Ashenzari
Cheibriados
Dithmenos
Elyvilon
Fedhas
Gozag
Hepliaklqana
Kikubaaqudgha
Makhleb
Nemelex Xobeh
Okawaru
Qazlal
Ru
Sif Muna
Trog
Uskayaw
Vehumet
Xom
Yredelemnul
Zin
The Shining One
Beogh
Jiyva
Lugonu

Annotations:
D 1 transporter


Innate Abilities, Weirdness & Mutations

You are resistant to torment.
Your stone body is resilient. (AC +7)
You are immune to poison.
You resist negative energy. (rN+)
You are resistant to electric shocks. (rElec)
You can survive without breathing.
You are immune to petrification.
You are immune to rotting.


Message History

The searing blast hits you!
The red draconian breathes flames at you.
The searing blast hits you!
You see here a dagger.
The red draconian hits you with a battleaxe.
You closely miss the red draconian.
The red draconian is lightly wounded.
You block the red draconian's attack.
GONNNNG!
You sock the red draconian!
The red draconians shudder.
The red draconian is moderately wounded.
The red draconian is almost dead.
The red draconian is moderately wounded.
You hit the red draconian.
The red draconians shudder.
The red draconian is heavily wounded.
The red draconian is severely wounded.
The red draconian is heavily wounded.
The red draconian breathes flames at you.
The searing blast hits you!
You die...

▓........▓........▓
▓▓▓▓▓▓▓▓▓▓▓▓▓▓▓▓▓▓▓
▓...8©8...▓..8©8..▓
▓..}}"[...▓..:.|..▓
▓...):=...▓...}|..▓
▓.........▓.......▓
▓.........▓.).)...▓
▓.........▓.......▓
▓......d.d▓...=)..▓
▓.▓....)▓d▓.▓...▓)▓
▓....§§§@.▓.....[.▓
▓▓▓▓▓▓▓▓▓▓▓▓▓▓▓▓▓▓▓
▓..8©8..▓ ▓..")|..▓
▓..[:[..▓ ▓.......▓
▓.......▓ ▓.......▓
▓...))..▓ ▓.▓..†▓.▓
▓.......▓


You could see 3 draconians.

Vanquished Creatures
  A red draconian (D)
  2 draconians (D)
  A hornet (D)
  Sigmund (D)
  2 spriggans (D)
  2 water moccasins (D)
  Duvessa (D)
  A floating eye (D)
  A black bear (D)
  An eye of draining (D)
  5 wolves (D)
  Blork the orc (D)
  Dowan (D)
  An orc wizard (D)
  3 orc priests (D)
  An iron imp (D)
  Crazy Yiuf (D)
  Jessica (D)
  An adder (D)
  An ufetubus (D)
  An ooze (D)
  An adder zombie (D)
  An adder skeleton (D)
  A ball python (D)
  A quokka skeleton (D)
34 creatures vanquished.

Notes
Turn   | Place    | Note
-------+----------+-------------------------------------------
     0 | D        | bli the Gargoyle Fighter began the quest for the Orb.
     0 | D        | Reached XP level 1. HP: 14/14 MP: 1/1
     3 | D        | Found a blossoming altar of Fedhas.
     4 | D        | Found a viscous altar of Jiyva.
     4 | D        | Found a hazy altar of Hepliaklqana.
     4 | D        | Found a transporter.
     4 | D        | Found an opulent altar of Gozag.
     4 | D        | Found an ancient bone altar of Kikubaaqudgha.
     4 | D        | Found a corrupted altar of Lugonu.
    15 | D        | Found a burning altar of Makhleb.
    16 | D        | Found a sacrificial altar of Ru.
    16 | D        | Found a stormy altar of Qazlal.
    16 | D        | Found a deep blue altar of Sif Muna.
    16 | D        | Found an iron altar of Okawaru.
    16 | D        | Found a bloodstained altar of Trog.
    16 | D        | Found a sparkling altar of Nemelex Xobeh.
    42 | D        | Reached skill level 5 in Fighting
    42 | D        | Reached skill level 5 in Armour
    42 | D        | Reached skill level 1 in Dodging
    42 | D        | Reached XP level 2. HP: 21/21 MP: 2/2
    55 | D        | Became a worshipper of Makhleb the Destroyer
    62 | D        | Entered arena 2.
    62 | D        | Noticed a black bear
    62 | D        | Noticed a wolf
    62 | D        | Found a transporter.
    64 | D        | Killed a wolf
    64 | D        | Reached skill level 5 in Shields
    64 | D        | Reached XP level 3. HP: 28/28 MP: 3/3
    64 | D        | Reached XP level 4. HP: 34/34 MP: 4/4
    65 | D        | Killed a black bear
    65 | D        | Reached XP level 5. HP: 39/40 MP: 5/5
    96 | D        | Entered arena 3.
    96 | D        | Noticed an eye of draining
    96 | D        | Noticed a floating eye
    96 | D        | Found a transporter.
    98 | D        | Killed a floating eye
    98 | D        | Reached * piety under Makhleb
    98 | D        | Reached XP level 6. HP: 46/46 MP: 0/6
   106 | D        | Killed an eye of draining
   159 | D        | Entered arena 4.
   159 | D        | Noticed a water moccasin
   159 | D        | Noticed a water moccasin
   159 | D        | Found a transporter.
   163 | D        | Reached ** piety under Makhleb
   166 | D        | Reached skill level 10 in Armour
   168 | D        | Killed a water moccasin
   168 | D        | Reached skill level 10 in Fighting
   168 | D        | Reached skill level 5 in Maces & Flails
   168 | D        | Reached XP level 7. HP: 52/52 MP: 7/7
   188 | D        | Entered arena 5.
   188 | D        | Found a transporter.
   191 | D        | Reached *** piety under Makhleb
   202 | D        | Identified the Tome of Dusty Protection (You found it in the Dungeon)
   211 | D        | Entered arena 6.
   211 | D        | Found a transporter.
   214 | D        | Reached **** piety under Makhleb
   217 | D        | Reached ***** piety under Makhleb
   235 | D        | Learned a level 5 spell: Bolt of Draining
   237 | D        | Entered arena 7.
   237 | D        | Noticed Sigmund
   237 | D        | Noticed Jessica
   237 | D        | Noticed Blork the orc
   237 | D        | Noticed Crazy Yiuf
   237 | D        | Noticed Dowan
   237 | D        | Noticed Duvessa
   243 | D        | Killed Duvessa
   243 | D        | Reached XP level 8. HP: 60/60 MP: 8/8
   243 | D        | Killed Crazy Yiuf
   245 | D        | Found a transporter.
   249 | D        | Killed Jessica
   250 | D        | Killed Sigmund
   253 | D        | Killed Dowan
   259 | D        | Killed Blork the orc
   273 | D        | Identified a +1 pair of boots of running (You found it in the Dungeon)
   382 | D        | Entered arena 8.
   382 | D        | Noticed a spriggan
   382 | D        | Noticed a spriggan rider
   385 | D        | Found a transporter.
   389 | D        | Killed a spriggan
   390 | D        | Reached ****** piety under Makhleb
   398 | D        | Killed a spriggan
   398 | D        | Reached XP level 9. HP: 66/66 MP: 7/9
   398 | D        | Killed a hornet
   398 | D        | Reached skill level 10 in Shields
   429 | D        | Entered arena 9.
   429 | D        | Noticed a draconian
   429 | D        | Noticed a red draconian
   429 | D        | Noticed a red draconian
   429 | D        | Noticed a red draconian
   429 | D        | Noticed a red draconian
   429 | D        | Noticed a draconian
   429 | D        | Noticed a red draconian
   434 | D        | Found a transporter.
   444 | D        | Killed a draconian
   455 | D        | Killed a red draconian
   455 | D        | Reached skill level 10 in Maces & Flails
   455 | D        | Killed a draconian
   455 | D        | Reached XP level 10. HP: 60/73 MP: 4/10
   460 | D        | Killed from afar by a red draconian

Skill      XL: |  1  2  3  4  5  6  7  8  9 |
---------------+----------------------------+-----
Fighting       | 5 7 8 9 10 11 12 13 | 13.2
Maces & Flails | 3 4 5 6 8 10 | 10.8
Armour         | 5 7 8 9 10 11 12 13 | 13.4
Dodging        | 1 2 |  2.2
Shields        | 4 5 6 7 8 9 12 | 12.0

Action                   |  1- 3 |  4- 6 |  7- 9 | 10-12 || total
-------------------------+-------+-------+-------+-------++-------
Melee: Shillelagh        |     2 |    15 |    51 |     3 ||    71
  Use: Potion            |     1 |       |       |       ||     1
       Scroll            |       |       |     1 |       ||     1
Armor: Scale mail        |       |     2 |       |       ||     2
       Ring mail         |       |     4 |       |       ||     4
       Plate armour      |       |       |    49 |     1 ||    50
Dodge: Dodged            |       |     1 |     6 |       ||     7
Block: Shield            |     2 |    20 |    86 |     3 ||   111
